 Dungeon Crawl Stone Soup version 0.31.0-32-g396128a36d (webtiles) character file.

Game seed: 11920454484995455420

5250 BurgerDrawz the Basher (level 10, 0/53 HPs)
             Began as a Vine Stalker Berserker on Mar 11, 2024.
             Was a High Priest of Trog.
             Slain by Erolcha
             ... wielding a +0 giant club
              (13 damage)
             ... on level 10 of the Dungeon.
             The game lasted 01:09:23 (6589 turns).

BurgerDrawz the Basher (Vine Stalker Berserker)     Turns: 6589, Time: 01:09:24

Health: 0/53       AC: 23    Str: 17 (19) XL:     10   Next: 62%
Magic:  0/11       EV: 11    Int:  9 (11) God:    Trog [*****.]
Gold:   477        SH:  9    Dex: 17 (20) Spells: 9/9 levels left

rFire   . . .        n - +1 mace (protect)
rCold   . . .        V - +0 kite shield
rNeg    + . .        e - +3 ring mail "Zoifud" {Dex+3}
rPois   .            d - +1 helmet
rElec   .            y - +0 cloak
rCorr   .            p - +1 Delatra's gloves {ID++}
SInv    .            D - +0 pair of boots
Will    +....        (no amulet)
Stlth   +            g - ring of positive energy
HPRegen 1.08/turn    (no ring)
MPRegen 0.12/turn

%: guardian spirit
@: under a protective aura
A: fangs 3, regeneration 1, magic shield, antimagic bite, no potion heal 2,
clever 1, deterioration 1
a: Renounce Religion, Berserk, Trog's Hand, Brothers in Arms


You were on level 10 of the Dungeon.
You worshipped Trog.
Trog was extremely pleased with you.
You visited 1 branch of the dungeon, and saw 10 of its levels.

You collected 477 gold pieces.

Inventory:

Hand Weapons
 a - a +0 spear
 i - a +3 hand axe
 n - a +1 mace of protection (weapon)
 o - a +1 dagger of freezing
 x - a +0 sling of draining
 A - a +1 flail of draining
 F - a +2 short sword of venom
 K - a +1 dagger of electrocution
 O - a +1 war axe of holy wrath
 T - a +2 falchion of flaming
Missiles
 h - 58 stones
 j - 19 poisoned darts
 L - 5 large rocks
Armour
 b - a +0 animal skin
 d - a +1 helmet (worn)
 e - the +3 ring mail "Zoifud" (worn) {Dex+3}
   (You found it on level 7 of the Dungeon)

   Dex+3:     It affects your dexterity (+3).
 p - the +1 Delatra's gloves (worn) {ID++}
   (You found it on level 2 of the Dungeon)

   ID++:      It heals its wearer when they drink unknown potions, and restores
   their MP when they read unknown scrolls.
 y - a +0 cloak (worn)
 D - a +0 pair of boots (worn)
 G - the -1 pair of boots "Jarghy" {rPois Will+ Str-2 Stlth+}
   (You found it on level 4 of the Dungeon)

   Str-2:     It affects your strength (-2).
   rPois:     It protects you from poison Will+: It increases your willpower.
   Stlth+:    It makes you more stealthy.
 H - the +1 ring mail of Erchygif {Fly rPois Int-5}
   (You found it on level 4 of the Dungeon)

   Int-5:     It affects your intelligence (-5).
   rPois:     It protects you from poison Fly: It grants you flight.
 V - a +0 kite shield (worn)
Jewellery
 g - a ring of positive energy (left hand)
 B - a ring of protection from cold
 E - a ring of resist corrosion
Talismans
 R - a blade talisman
Wands
 Q - a wand of polymorph (7)
 U - a wand of digging (6)
Scrolls
 c - 6 scrolls of identify
 l - a scroll of brand weapon {unknown}
 m - a scroll of enchant armour {unknown}
 t - 2 scrolls of fog {unknown}
 u - a scroll of revelation {unknown}
 v - 5 scrolls of teleportation {unknown}
 I - a scroll of immolation {unknown}
 J - 2 scrolls of poison {unknown}
 M - 2 scrolls of acquirement {unknown}
 S - 3 scrolls of summoning {unknown}
 W - a scroll of fear {unknown}
Potions
 f - a potion of brilliance
 k - 4 potions of curing
 q - 2 potions of might
 r - 3 potions of heal wounds
 s - 2 potions of mutation
 w - 4 potions of magic
 C - a potion of attraction
 N - 2 potions of berserk rage {unknown}
 P - 3 potions of lignification {unknown}
Miscellaneous
 z - a lightning rod (4/4)


   Skills:
 + Level 6.1 Fighting
 + Level 9.0 Maces & Flails
 + Level 3.7 Polearms
 + Level 2.9 Throwing
 + Level 5.8 Armour
 + Level 4.8 Dodging
 + Level 2.0 Stealth
 + Level 1.6 Shields


You had 9 spell levels left.
You didn't know any spells.
Your spell library contained the following spells:

 Spells                   Type           Power      Damage    Failure   Level
 Cigotuvi's Dreadful Rot  Necr/Alch/Air  0%         N/A       97%         2
 Lesser Beckoning         Tloc           0%         N/A       97%         2
 Scorch                   Fire           0%         2d5       97%         2
 Gell's Gravitas          Tloc           0%         N/A       99%         3
 Teleport Other           Tloc           0%         N/A       99%         3
 Dispel Undead            Necr           0%         3d6       100%        4
 Flame Wave               Conj/Fire      0%         2d4       100%        4
 Martyr's Knell           Necr/Summ      0%         N/A       100%        4
 Death Channel            Necr           0%         N/A       100%        6
 Summon Cactus Giant      Summ           0%         N/A       100%        6


Dungeon Overview and Level Annotations

Branches:
Dungeon (10/15)
 Temple: D:4-7         Lair: D:8-11         Orc: D:9-12

Altars:
Cheibriados
Dithmenos
Elyvilon
Makhleb
Sif Muna

Annotations:
D:10 Erolcha


Innate Abilities, Weirdness & Mutations

You have razor-sharp teeth.
Your natural rate of healing is unusually fast.
When hurt, damage is shared between your health and your magic reserves.
Your bite disrupts and absorbs the magic of your enemies.
Potions cannot restore your health.
Your mind is acute. (Int +4, Str/Dex -1)
Your body sometimes deteriorates upon taking damage.


Message History

Erolcha the Cunning comes into view.
She is wielding a +0 giant club and carrying a wand of roots.
Press: ? - help, v - describe, . - travel A rock wall.
Erolcha closely misses you.
You hit Erolcha.
Your weapon exudes an aura of protection.
Erolcha is lightly wounded.
Erolcha zaps a wand.
The roots erupt in riotous growth!
The grasping roots grab you!
Erolcha is unaffected.
The grasping roots constrict you.
You barely miss Erolcha. Your bite misses Erolcha.
Erolcha is lightly wounded.
Erolcha hits you with a +0 giant club! The grasping roots constrict you.
You hit Erolcha but do no damage.
Erolcha is lightly wounded.
The grasping roots release their grip on you.
You hit Erolcha.
Erolcha is lightly wounded.
Erolcha barely misses you.
You hit Erolcha.
Erolcha is lightly wounded.
Erolcha casts a spell.
Erolcha flickers and vanishes!
Deactivating autopickup; reactivate with Ctrl-A.
You hit something but do no damage. You bite something. You drain its magic.
You feel invigorated.
You hear a zap.
The roots erupt in riotous growth!
The grasping roots grab you!
You are constricted!
Your body deteriorates!
You feel clumsy.
You barely miss something. Something hits you!
You are constricted.
You miss something. You block something's attack.
You are constricted.
You hit something.
The grasping roots release their grip on you.
You hit something. You bite something. You drain its magic.
You feel invigorated. Something hits you!!
* * * LOW HITPOINT WARNING * * *
You barely miss something. Something hits you!!
You die...

#########..............#
#.# ######.#######.# #<#
#.# #.# #.#
###.#######.###.#
#...............####
##.#.........###....###
#####...##................#
..>......{.####.####^####.#
........##@# #.# ..... #.#
.......###.####.#.......#.#
....... #..#...#.......#.#
....O.. ##...#.^..._...#.#
....... ###...#.......#.#
....... #.#.#.......#.#
....... #.#.# ..... #.#
#.#.####^####.#
#.............#


There were no monsters in sight!

Vanquished Creatures
  A cyclops (D:6)
  Joseph (D:10)
  A komodo dragon (D:10)
  Sigmund (D:2)
  11 yaks
  2 steam dragons (D:8)
  An acid dragon (D:10)
  An orc warrior (D:8)
  2 black bears (D:6)
  A sky beast (D:7)
  2 ogres (D:7)
  A kobold brigand (D:8)
  2 bullfrogs
  A gnoll sergeant (D:8)
  3 scorpions
  5 wights (D:6)
  5 killer bees (D:8)
  A howler monkey (D:6)
  An electric eel (D:8)
  2 jellies (D:6)
  2 orc priests
  2 hounds
  Jessica (D:2)
  Terence (D:2)
  2 iguanas (D:6)
  7 orc wizards
  Robin (D:3)
  3 gnolls (D:8)
  3 adders
  A shadow imp (D:7)
  2 white imps
  3 dart slugs
  4 ribbon worms
  27 orcs
  6 endoplasms
  2 giant cockroaches
  11 goblins
  11 hobgoblins
  7 jackals
  11 kobolds
  4 quokkas
  5 ball pythons
  7 bats
  4 frilled lizards
  5 rats
177 creatures vanquished.

Vanquished Creatures (others)
  A hobgoblin (D:3)
1 creature vanquished.

Grand Total: 178 creatures vanquished

Notes
Turn   | Place    | Note
-------+----------+-------------------------------------------
     0 | D:1      | BurgerDrawz the Vine Stalker Berserker began the quest for
                  | the Orb.
     0 | D:1      | Reached XP level 1. HP: 11/11 MP: 2/2
   175 | D:1      | Reached XP level 2. HP: 16/16 MP: 3/3
   482 | D:1      | Found a faded altar of an unknown god.
   959 | D:2      | Reached XP level 3. HP: 20/20 MP: 2/4
   998 | D:2      | Reached ** piety under Trog
  1005 | D:2      | Found the +1 Delatra's gloves {ID++}
  1116 | D:2      | Noticed Sigmund
  1133 | D:2      | Killed Sigmund
  1134 | D:2      | Reached skill level 1 in Throwing
  1134 | D:2      | Reached XP level 4. HP: 25/25 MP: 5/5
  1134 | D:2      | Reached XP level 5. HP: 29/29 MP: 6/6
  1234 | D:2      | Reached XP level 6. HP: 33/33 MP: 7/7
  1310 | D:2      | Noticed Terence
  1318 | D:2      | Killed Terence
  1319 | D:2      | Reached skill level 1 in Maces & Flails
  1554 | D:2      | Noticed Jessica
  1558 | D:2      | Killed Jessica
  1873 | D:3      | Noticed Robin
  1908 | D:3      | Killed Robin
  2096 | D:3      | Reached *** piety under Trog
  2734 | D:4      | Identified the -1 pair of boots "Jarghy" {rPois Will+ Str-2
                  | Stlth+}
  2761 | D:4      | Reached skill level 2 in Maces & Flails
  2783 | D:4      | Reached skill level 1 in Stealth
  2783 | D:4      | Reached XP level 7. HP: 30/37 MP: 8/8
  2852 | D:4      | Identified the +1 ring mail of Erchygif {Fly rPois Int-5}
  3523 | D:5      | Entered Level 5 of the Dungeon
  3581 | D:5      | You are sucked into a shaft and drop 2 floors!
  3610 | D:7      | Identified the +3 ring mail "Zoifud" {Dex+3}
  3643 | D:7      | Reached skill level 3 in Maces & Flails
  3756 | D:7      | Reached skill level 4 in Maces & Flails
  3792 | D:6      | Gained mutation: You have razor-sharp teeth. [Vine Stalker
                  | growth]
  3792 | D:6      | Reached XP level 8. HP: 42/42 MP: 9/9
  3875 | D:6      | Reached **** piety under Trog
  3876 | D:6      | Reached skill level 5 in Maces & Flails
  3968 | D:6      | Found a burning altar of Makhleb.
  4188 | D:6      | Noticed a cyclops
  4201 | D:6      | Killed a cyclops
  4202 | D:6      | Reached skill level 5 in Fighting
  4202 | D:6      | Reached skill level 6 in Maces & Flails
  4202 | D:6      | Reached XP level 9. HP: 31/47 MP: 10/10
  4447 | D:6      | Found a white marble altar of Elyvilon.
  4745 | D:7      | Reached skill level 7 in Maces & Flails
  4745 | D:7      | Reached skill level 5 in Armour
  4765 | D:7      | Found a snail-covered altar of Cheibriados.
  5291 | D:8      | Found a shimmering blue altar of Sif Muna.
  5431 | D:8      | Reached XP level 10. HP: 41/53 MP: 8/11
  5594 | D:8      | Reached skill level 8 in Maces & Flails
  5865 | D:10     | Entered Level 10 of the Dungeon
  5962 | D:10     | Gained mutation: Your body sometimes deteriorates upon
                  | taking damage. [potion of mutation]
  5962 | D:10     | Gained mutation: Your mind is acute. (Int +4, Str/Dex -1)
                  | [potion of mutation]
  6080 | D:10     | Reached ***** piety under Trog
  6087 | D:10     | Reached skill level 1 in Shields
  6402 | D:10     | Noticed Joseph
  6436 | D:10     | Killed Joseph
  6437 | D:10     | Reached skill level 9 in Maces & Flails
  6499 | D:10     | Found a shadowy altar of Dithmenos.
  6569 | D:10     | Noticed Erolcha
  6589 | D:10     | Slain by Erolcha

Illustrated notes

Levels and vault maps discovered:
D:1:      tarquinn_simple_flora_water_a, layout_basic,
          shapermc_ecumenical_altar_acropolis, hangedman_decor_clover_reticule
D:2:      layout_loops_ring, pf_guarded_unrand_delatra, uniq_terence,
          uniq_sigmund, uniq_jessica
D:3:      minmay_octagon_keep, layout_basic, hex_medium, uniq_robin
D:4:      layout_cave_pods, serial_bayou_pond_e
D:5:      layout_basic, mainiacjoe_overflow_alcove_4, tgw_fedhas,
          minmay_temple_entry_overgrown, uniq_blork_the_orc,
          uniq_prince_ribbit1, uniq_eustachio, uniq_crazy_yiuf_cottage
D:6:      layout_loops_cross, mainiacjoe_overflow_surrounded_room,
          kennysheep_ying_yang, kb_rosetta
D:7:      layout_loops_ring, mainiacjoe_overflow_tiny_flanked,
          serial_park_tiny_1
D:8:      layout_loops_ring, tgw_sif, corexii_leaking_fountain,
          water_boxes_lemuel, uniq_grum
D:9:      layout_roguey, dpeg_lair_monsters, gammafunk_ghost_wrathful_warriors
D:10:     layout_loops_ring, lemuel_tele_altar, kennysheep_big_empty_room,
          hangedman_decor_peaks_small, uniq_erolcha, uniq_nergalle, uniq_joseph

Skill      XL: |  1  2  3  4  5  6  7  8  9 10 |
---------------+-------------------------------+-----
Polearms       | 3 |  3.7
Fighting       | 3 4 5 6 |  6.1
Throwing       | 1 2 |  2.9
Armour         | 2 3 4 5 |  5.8
Dodging        | 2 4 |  4.8
Maces & Flails | 2 4 6 7 9 |  9.0
Stealth        | 1 2 |  2.0
Shields        | 1 |  1.6

Action                     |  1- 3 |  4- 6 |  7- 9 | 10-12 || total
---------------------------+-------+-------+-------+-------++-------
  Melee: Spear             |    44 |       |       |       ||    44
         Bite              |    10 |    27 |   119 |    93 ||   249
         Mace              |    10 |   121 |   287 |   193 ||   611
         Punch             |     1 |     1 |     5 |       ||     7
  Throw: Javelin           |    18 |    20 |    11 |       ||    49
 Invoke: Trog's Hand       |       |       |     1 |       ||     1
  Evoke: Lightning rod     |       |       |     1 |       ||     1
    Use: Scroll            |     1 |       |       |       ||     1
         Potion            |     1 |       |     4 |     3 ||     8
 Armour: Leather armour    |    10 |       |       |       ||    10
         Animal skin       |     1 |       |       |       ||     1
         Ring mail         |    31 |    78 |   265 |   124 ||   498
         Skin              |       |       |       |     2 ||     2
  Dodge: Dodged            |    31 |    84 |   186 |    71 ||   372
  Block: Kite shield       |       |       |       |    49 ||    49
